 Dungeon Crawl Stone Soup version 0.19.5 (webtiles) character file.

37416 bloodus the Severer (level 13, 0/116 HPs)
             Began as a Hill Orc Fighter on Mar 5, 2017.
             Was an Elder of Makhleb.
             Killed from afar by Aizul (40 damage)
             ... with a bolt of poison
             ... on level 2 of the Lair of Beasts.
             The game lasted 02:30:52 (23023 turns).

bloodus the Severer (Hill Orc Fighter)             Turns: 23023, Time: 02:31:01

Health: 0/116      AC: 29    Str: 27    XL:     13   Next: 96%
Magic:  20/20      EV:  8    Int:  7    God:    Makhleb [****..]
Gold:   1009       SH: 15    Dex: 17    Spells: 0 memorised, 12 levels left

rFire  + . .     SeeInvis .     a - +1 war axe
rCold  x . .     Gourm    +     h - +0 plate armour
rNeg   . . .     Faith    .     c - +1 shield
rPois  .         Spirit   .     v - +2 helmet of Dithmenos's Regard {Str+7 Int-4 Dex+6}
rElec  .         Reflect  .     r - +2 cloak
rCorr  .         Harm     .     S - +1 pair of gloves
MR     .....                    e - +0 pair of boots
Stlth  ..........               J - amulet of the gourmand
                                g - ring of fire
                                y - +4 ring of protection

@: lethally poisoned (0 -> -28)
A: no striking features
a: Minor Destruction, Lesser Servant of Makhleb, Major Destruction, Renounce
Religion


You were on level 2 of the Lair of Beasts.
You worshipped Makhleb.
Makhleb was greatly pleased with you.
You were not hungry.

You visited 4 branches of the dungeon, and saw 17 of its levels.

You collected 1009 gold pieces.

Inventory:

Hand Weapons
 a - a +1 war axe (weapon)
Missiles
 F - 11 tomahawks (quivered)
 I - 2 throwing nets
Armour
 c - a +1 shield (worn)
 e - a +0 pair of boots (worn)
 h - a +0 plate armour (worn)
 r - a +2 cloak (worn)
 v - the +2 helmet of Dithmenos's Regard (worn) {Str+7 Int-4 Dex+6}
   (You took it off Robin on level 4 of the Dungeon)

   It affects your strength (+7).
   It affects your intelligence (-4).
   It affects your dexterity (+6).
 S - a +1 pair of gloves (worn)
Rods
 U - a -3 lightning rod (13/13)
   (You found it on level 4 of the Lair of Beasts)
Jewellery
 g - a ring of fire (right hand)
 q - an uncursed ring of positive energy
 w - an uncursed ring of ice
 y - a +4 ring of protection (left hand)
 J - an amulet of the gourmand (around neck)
 R - an uncursed ring of resist corrosion
 V - an uncursed ring of flight
Wands
 k - a wand of slowing (39/48)
 m - a wand of polymorph (3/24)
 s - a wand of flame (19/48)
 z - a wand of heal wounds (0/9)
 A - a wand of polymorph (13/24)
 B - a wand of hasting (4/9)
 E - a wand of slowing (30/48)
 G - a wand of paralysis (11/24)
 H - a wand of disintegration (14/24)
 K - a wand of disintegration (4/24)
 M - a wand of iceblast (3/15)
 N - a wand of acid (4/15)
 P - a wand of random effects (42/48)
 T - a wand of heal wounds (0/9)
 Y - a wand of slowing (8/48)
Scrolls
 n - 3 scrolls of enchant armour
 o - 14 scrolls of identify
 p - 7 scrolls of magic mapping
 t - 9 scrolls of remove curse
 x - a scroll of enchant weapon
 L - a scroll of teleportation
Potions
 b - 2 potions of flight
 d - 2 potions of might
 i - a potion of ambrosia
 j - 4 potions of agility
 u - 7 potions of curing
 C - a potion of haste
 Q - a potion of heal wounds
Comestibles
 f - 8 bread rations
 l - 7 meat rations
 D - 5 beef jerkies
 W - 8 slices of pizza
 Z - 6 fruits


   Skills:
 + Level 11.4 Fighting
 + Level 16.6 Axes
 + Level 3.0 Throwing
 + Level 10.2 Armour
 + Level 2.3 Dodging
 + Level 1.0 Stealth
 + Level 12.7 Shields
 + Level 10.5 Invocations
 + Level 1.2 Evocations


You had 12 spell levels left.
You didn't know any spells.

Dungeon Overview and Level Annotations

Branches:
Dungeon (11/15)            Temple (1/1) D:5            Lair (4/6) D:9
  Swamp (1/4) Lair:2        Snake (0/4) Lair:3          Orc (0/2) D:11

Altars:
Ashenzari
Cheibriados
Dithmenos
Elyvilon
Fedhas
Gozag
Hepliaklqana
Kikubaaqudgha
Makhleb
Nemelex Xobeh
Okawaru
Qazlal
Ru
Sif Muna
Trog
Uskayaw
Vehumet
Yredelemnul
Zin
The Shining One

Annotations:
Lair:2 Aizul
Lair:3 1 exclusion


Message History

The vampire mosquito completely misses you.
Your hellwing hits Aizul but does no damage.
Your hellwing closely misses Aizul.
Aizul hits you.
* * * LOW HITPOINT WARNING * * *
Zapping:
z - a wand of heal wounds {zapped: 5} (will waste charges)
Press: ? - help, Shift-Dir - straight line, f - you You feel much better.
Evoking this partially-identified wand wasted a few charges.
You feel sick.
You block the vampire mosquito's attack.
Your hellwing misses Aizul. Your hellwing hits Aizul.
The vampire mosquito bites you but does no damage.
You block Aizul's attack.
You feel sick.
Aizul coils herself and waves her upper body at you.
The bolt of poison hits the vampire mosquito.
The vampire mosquito completely resists.
The bolt of poison hits you!
You are more poisoned.
You die...

........................##
........................P#
.........................#
..............#.#.#.#...##
##.P##.#.....####..#.....#
##...#.......####.###....#
##..........##P.>.......##
##.....##...###.....#....#
##.....##...♣♣♣≈@≈.##...##
##.....##...♣≈♣4y≈♣♣....##
.......#....♣≈≈≈S§≈≈♣....#
#.#...##...♣♣≈≈≈§§§§§♣..##
...........≈♣♣≈≈≈§§≈♣...#
............♣≈≈§≈§§§♣...#
.#######P####≈♣≈≈≈≈....##
## ### #≈##≈P....### ##
######P#


You could see Aizul, a vampire mosquito and a friendly hellwing.

Vanquished Creatures
  Gastronok (D:8)
  4 hydras
  6 death yaks (Lair:4)
  3 hill giants (D:10)
  A manticore (D:11)
  An ugly thing (D:11)
  4 elephants (Lair:4)
  3 black mambas
  The ghost of flsc the Chopper, a novice MiFi (D:7)
  Maurice (D:8)
  7 spiny frogs
  The ghost of BugsBunnySan the Shield-Bearer, a novice HuFi (D:5)
  3 komodo dragons
  A rime drake (Lair:1)
  A polar bear (Lair:4)
  A two-headed ogre (D:10)
  A troll (D:11)
  A hornet (D:11)
  6 blink frogs (Lair:4)
  4 hippogriffs
  A human (D:11)
  3 wyverns
  A wraith (D:11)
  2 shadows
  37 yaks
  4 hogs (D:11)
  A mottled dragon (D:11)
  4 wargs (D:11)
  19 water moccasins
  Duvessa (D:5)
  3 ice beasts
  4 orc warriors
  11 porcupines
  A black bear (D:11)
  8 sky beasts
  5 ogres
  10 centaurs
  4 wolves (Lair:3)
  7 crocodiles
  A big kobold (D:7)
  10 bullfrogs
  Dowan (D:5)
  4 scorpions
  5 wights (D:8)
  A killer bee (D:6)
  3 howler monkeys (D:10)
  A bullfrog zombie (D:6)
  3 crimson imps
  4 orc priests
  Crazy Yiuf (D:5)
  2 jellies
  A gnoll shaman (D:7)
  9 hounds
  2 bullfrog skeletons
  2 centaur skeletons
  7 orc wizards
  8 worker ants
  4 iguanas
  A howler monkey zombie (D:6)
  A worker ant zombie (D:2)
  Robin (D:4)
  8 gnolls
  9 adders
  A shadow imp (D:5)
  2 oozes
  An adder skeleton (D:4)
  2 worms (D:3)
  4 dart slugs
  7 leopard geckos
  19 orcs
  7 bats
  A bat zombie (D:2)
  4 giant cockroaches
  19 goblins
  9 hobgoblins
  19 jackals
  A quokka (D:2)
  3 frilled lizards
  2 jackal skeletons
  10 kobolds
  A leopard gecko zombie (D:2)
  3 quokka skeletons
  4 rats
  A butterfly (Lair:4)
  19 fungi
  13 plants
  2 withered plants (D:2)
420 creatures vanquished.

Vanquished Creatures (collateral kills)
  A ghost moth (Lair:3)
  A hydra (Lair:1)
  4 yaks (Lair:1)
6 creatures vanquished.

Vanquished Creatures (others)
  7 fungi
  2 plants (Lair:1)
9 creatures vanquished.

Grand Total: 435 creatures vanquished

Notes
Turn   | Place    | Note
-------+----------+-------------------------------------------
     0 | D:1      | bloodus the Hill Orc Fighter began the quest for the Orb.
     0 | D:1      | Reached XP level 1. HP: 19/19 MP: 1/1
   197 | D:1      | Reached XP level 2. HP: 23/27 MP: 2/2
   559 | D:1      | Reached skill level 3 in Axes
   559 | D:1      | Reached XP level 3. HP: 33/33 MP: 3/3
   851 | D:2      | Found a bloodstained altar of Trog.
   969 | D:2      | Reached XP level 4. HP: 33/40 MP: 4/4
  1413 | D:3      | Reached skill level 4 in Axes
  1973 | D:2      | Reached skill level 1 in Dodging
  2095 | D:3      | Reached XP level 5. HP: 46/46 MP: 5/5
  2674 | D:3      | Found a deep blue altar of Sif Muna.
  3159 | D:4      | Noticed Robin
  3186 | D:4      | Killed Robin
  3218 | D:4      | Got a slimy helmet
  3229 | D:4      | Identified the +2 helmet of Dithmenos's Regard {Str+7 Int-4 Dex+6} (You took it off Robin on level 4 of the Dungeon)
  3263 | D:4      | Reached XP level 6. HP: 52/53 MP: 6/6
  3296 | D:4      | Reached skill level 5 in Fighting
  3296 | D:4      | Reached skill level 5 in Axes
  3920 | D:5      | Entered Level 5 of the Dungeon
  3986 | D:5      | Noticed BugsBunnySan's ghost (novice HuFi)
  3986 | D:5      | Noticed Dowan
  3987 | D:5      | Noticed Duvessa
  4024 | D:5      | Reached skill level 5 in Shields
  4094 | D:5      | Killed BugsBunnySan's ghost
  4094 | D:5      | Reached skill level 6 in Axes
  4094 | D:5      | Reached XP level 7. HP: 38/61 MP: 7/7
  4382 | D:5      | Reached skill level 5 in Armour
  4496 | D:5      | Killed Duvessa
  4496 | D:5      | Reached skill level 7 in Axes
  4500 | D:5      | Killed Dowan
  4500 | D:5      | Reached XP level 8. HP: 70/70 MP: 8/8
  4788 | D:5      | Found a staircase to the Ecumenical Temple.
  4806 | Temple   | Entered the Ecumenical Temple
  5403 | Temple   | Became a worshipper of Makhleb the Destroyer
  5469 | D:5      | Found a hazy altar of Hepliaklqana.
  5631 | D:5      | Found a runed door.
  5689 | D:5      | Noticed Crazy Yiuf
  5694 | D:5      | Killed Crazy Yiuf
  6188 | D:6      | Noticed a yak
  6207 | D:6      | Reached skill level 8 in Axes
  6219 | D:6      | Killed a yak
  6659 | D:6      | Reached skill level 9 in Axes
  6751 | D:6      | Reached XP level 9. HP: 71/78 MP: 9/9
  7138 | D:6      | Reached skill level 10 in Axes
  7929 | D:6      | Reached skill level 11 in Axes
  7929 | D:6      | Reached skill level 1 in Throwing
  8250 | D:7      | Reached * piety under Makhleb
  8623 | D:7      | Reached XP level 10. HP: 84/88 MP: 10/10
  8648 | D:7      | Found a sacrificial altar of Ru.
  8648 | D:7      | Noticed flsc's ghost (novice MiFi)
  8664 | D:7      | Killed flsc's ghost
  8664 | D:7      | Reached skill level 12 in Axes
  8801 | D:7      | Found a snail-covered altar of Cheibriados.
  9122 | D:7      | Paralysed by fainting for 12 turns
  9511 | D:8      | Found a stormy altar of Qazlal.
  9518 | D:8      | Noticed Gastronok
  9537 | D:8      | Killed Gastronok
  9537 | D:8      | Reached skill level 13 in Axes
  9951 | D:8      | Noticed Maurice
  9951 | D:8      | Paralysed by Maurice for 2 turns
  9960 | D:8      | Paralysed by something for 2 turns
  9971 | D:8      | Paralysed by something for 5 turns
  9980 | D:8      | Killed Maurice
 10216 | D:8      | You fall through a shaft!
 10362 | D:9      | Reached XP level 11. HP: 93/95 MP: 11/11
 10444 | D:9      | Reached ** piety under Makhleb
 10826 | D:9      | Found a staircase to the Lair.
 11339 | D:10     | Entered Level 10 of the Dungeon
 11339 | D:10     | Noticed a hill giant
 11347 | D:10     | Killed a hill giant
 11572 | D:10     | Reached skill level 1 in Invocations
 11810 | D:10     | Noticed a hill giant
 11820 | D:10     | Killed a hill giant
 11917 | D:10     | Reached skill level 14 in Axes
 12179 | D:10     | Noticed a hill giant
 12192 | D:10     | Killed a hill giant
 12192 | D:10     | Reached skill level 10 in Shields
 13090 | D:11     | Found a staircase to the Orcish Mines.
 13601 | D:11     | Reached *** piety under Makhleb
 14064 | D:11     | Reached skill level 5 in Invocations
 14236 | D:11     | Noticed a manticore
 14251 | D:11     | Killed a manticore
 14251 | D:11     | Reached XP level 12. HP: 84/105 MP: 14/16
 14544 | Lair:1   | Entered Level 1 of the Lair of Beasts
 14710 | Lair:1   | Reached skill level 1 in Stealth
 14834 | Lair:1   | Reached skill level 15 in Axes
 15086 | Lair:1   | Noticed an eight-headed hydra
 15093 | Lair:1   | Killed an eight-headed hydra
 15093 | Lair:1   | Reached skill level 10 in Fighting
 15205 | Lair:1   | Noticed an eight-headed hydra
 15247 | Lair:1   | HP: 4/106 [eight-headed hydra (5)]
 15256 | Lair:1   | Killed an eight-headed hydra
 15536 | Lair:1   | Noticed a seven-headed hydra
 15548 | Lair:1   | Killed a seven-headed hydra
 16335 | Lair:2   | Reached **** piety under Makhleb
 17020 | Lair:2   | Reached XP level 13. HP: 113/113 MP: 20/20
 17362 | Lair:2   | Found a staircase to the Swamp.
 17407 | Lair:2   | Reached skill level 10 in Invocations
 18354 | Lair:3   | Reached skill level 16 in Axes
 18465 | Lair:3   | Found a staircase to the Snake Pit.
 18792 | Lair:3   | Noticed a fire dragon
 18792 | Lair:3   | a six-headed hydra changed into a fire dragon
 18804 | Lair:3   | a fire dragon changed into something unseen
 19429 | Lair:3   | Killed a ghost moth
 19429 | Lair:3   | Reached skill level 1 in Evocations
 21392 | Lair:4   | Reached skill level 10 in Armour
 22996 | Swamp:1  | Entered Level 1 of the Swamp
 22996 | Swamp:1  | Noticed Aizul
 23020 | Lair:2   | HP: 2/116 [Aizul/bolt of poison (20)]
 23023 | Lair:2   | Killed from afar by Aizul

Skill      XL: |  1  2  3  4  5  6  7  8  9 10 11 12 13 |
---------------+----------------------------------------+-----
Fighting       | 4 5 6 7 8 9 10 11 | 11.4
Axes           | 3 4 6 7 9 11 13 14 15 16 | 16.6
Shields        | 4 5 6 7 9 10 11 12 | 12.7
Dodging        | 1 2 |  2.3
Armour         | 4 5 6 7 8 9 10 | 10.2
Throwing       | 1 2 3 |  3.0
Invocations    | 5 9 10 | 10.5
Stealth        | 1 |  1.0
Evocations     | 1 |  1.2

Action                   |  1- 3 |  4- 6 |  7- 9 | 10-12 | 13-15 || total
-------------------------+-------+-------+-------+-------+-------++-------
Melee: War axe           |   147 |   197 |   257 |   899 |   405 ||  1905
Throw: Tomahawk          |       |       |    10 |    38 |    19 ||    67
       Throwing net      |       |       |       |     2 |       ||     2
Invok: Minor Destruction |       |       |       |    30 |     3 ||    33
       Lesser Servant of |       |       |       |     4 |     4 ||     8
       Major Destruction |       |       |       |       |     6 ||     6
Evoke: Wand              |       |       |       |     2 |     9 ||    11
  Use: Scroll            |     4 |     6 |     1 |       |     1 ||    12
       Potion            |     1 |     4 |       |       |    10 ||    15
  Eat: Chunk             |       |     9 |     9 |    43 |    13 ||    74
       Pizza             |       |     1 |       |     1 |       ||     2
       Meat ration       |       |       |     1 |       |       ||     1
Armor: Scale mail        |    49 |       |       |       |       ||    49
       Plate armour      |    29 |   140 |   119 |   343 |   254 ||   885
Dodge: Dodged            |    50 |    40 |    42 |   142 |   105 ||   379
Block: Shield            |    73 |   154 |   173 |   539 |   287 ||  1226
